 Dungeon Sprint DCSS version 0.27.1-33-g824d729ab1 (webtiles) character file.

Game seed: 16309206932815581597

22744 Hipnos the Ninja (level 12, -2/54 HPs)
             Began as a Spriggan Enchanter on Nov 29, 2021.
             Was the Champion of Dithmenos.
             Slain by a fire giant (31 damage)
             ... in the Dungeon (Sprint I: "Red Sonja").
             The game lasted 00:26:48 (5245 turns).

Hipnos the Ninja (Spriggan Enchanter)               Turns: 5245, Time: 00:26:49

Health: -2/54      AC:  9    Str:  4    XL:     12   Next: 65%
Magic:  17/31      EV: 28    Int: 17    God:    Dithmenos [******]
Gold:   386        SH:  0    Dex: 32    Spells: 10/40 levels left

rFire    + . .     SeeInvis +   u - +7 pair of quick blades "Gyre" and "Gimble" {protect}
rCold    . . .     Faith    .   (shield currently unavailable)
rNeg     . . .     Spirit   .   l - +0 robe {rF+}
rPois    .         Reflect  .   (helmet restricted)
rElec    .         Harm     .   q - scarf {shadows}
rCorr    .         Rampage  .   (gloves unavailable)
Will     ++...     NoTele   +   (boots unavailable) Stlth **********
                                (no amulet)
HPRegen  0.18/turn              y - +6 ring of dexterity
MPRegen  0.22/turn              i - +6 ring of dexterity

@: under a protective aura, very slightly contaminated, wreathed by umbra,
invisible, very quick
A: very small, no large weapons, unfitting armour, see invisible, speed 3, frail
1, subdued magic 1
a: Renounce Religion, Shadow Step, Shadow Form


You were in the Dungeon.
You worshipped Dithmenos.
Dithmenos was exalted by your worship.
You visited 1 branch You collected 3625 gold pieces.
You spent 3239 gold pieces at shops.

Inventory:

Hand Weapons
 a - a +1 dagger
 g - a +1 dagger of venom
 p - the +5 hand axe of the Pyrrhic Victory {antimagic, rF- rC+ rN++ rCorr}
   (You found it in the Dungeon)

   It reduces the magical energy of the wielder, and disrupts the spells and
   magical abilities of those it strikes.
   Natural abilities and divine invocations are not affected.
   rF:        It makes you vulnerable to fire.
   rC:        It protects you from cold.
   rN:        It greatly protects you from negative energy.
   rCorr:     It protects you from acid and corrosion.
 t - a +0 short sword
 u - the +7 pair of quick blades "Gyre" and "Gimble" (weapon) {protect}
   (You bought it in a shop in the Dungeon)

   It grants its wielder temporary protection when it strikes (+7 to AC).
Armour
 b - a +0 robe
 l - a +0 robe of fire resistance (worn)
 q - a scarf of shadows (worn)
Jewellery
 i - a +6 ring of dexterity (right hand)
 m - a ring of magical power
 y - a +6 ring of dexterity (left hand)
Wands
 v - a wand of iceblast (5)
 w - a wand of paralysis (5)
 x - a wand of digging (7)
Scrolls
 d - a scroll of fog
 h - a scroll of blinking
 k - a scroll of acquirement
 n - 2 scrolls of enchant armour
 o - 2 scrolls of holy word
 s - a scroll of enchant weapon
Potions
 c - 5 potions of curing
 e - a potion of haste
 f - 2 potions of magic
 j - 3 potions of invisibility {unknown}
Miscellaneous
 r - a condenser vane


   Skills:
 + Level 5.1 Fighting
 + Level 9.2 Short Blades
 + Level 8.4 Dodging
 O Level 27 Stealth
 + Level 14.9 Spellcasting
 + Level 4.1 Conjurations
 * Level 20.5 Hexes
 + Level 5.1 Ice Magic
 + Level 2.1 Invocations


You had 10 spell levels left.
You knew the following spells:

 Your Spells              Type           Power      Damage    Failure   Level
a - Corona                Hex            65%        N/A       0%          1
b - Ensorcelled Hibernat  Hex/Ice        86%        N/A       1%          2
c - Confusing Touch       Hex            59%        N/A       0%          3
d - Tukima's Dance        Hex            59%        N/A       0%          3
e - Dazzling Flash        Conj/Hex       84%        N/A       1%          3
f - Slow                  Hex            59%        N/A       0%          2
g - Invisibility          Hex            29%        N/A       1%          6
h - Swiftness             Air            9%         N/A       13%         3
i - Yara's Violent Unrav  Hex/Tmut       18%        3d9       1%          5
j - Passwall              Tmut/Erth      7%         N/A       6%          2

Your spell library contained the following spells:

 Spells                   Type           Power      Damage    Failure   Level


Dungeon Overview and Level Annotations

Branches:
Dungeon (1/1)

Altars:
Cheibriados
Dithmenos
Elyvilon
Fedhas
Gozag
Hepliaklqana
Kikubaaqudgha
Makhleb
Nemelex Xobeh
Okawaru
Qazlal
Ru
Sif Muna
Trog
Uskayaw
Vehumet
Wu Jian
Xom
Yredelemnul
Zin
The Shining One
Jiyva
Lugonu

Shops:
D :([:::[:?:([:=[:?(=[[?


Innate Abilities, Weirdness & Mutations

You are very small and have problems with some larger weapons.
You are too small for most types of armour.
You have supernaturally acute eyesight. (SInv)
You cover ground extremely quickly. (Speed+++)
You are frail. (-10% HP)
Your spells are a little easier to cast, but a little less powerful.


Message History

The helpless fire giant fails to defend itself.
You stick the fire giant like a pincushion!!!!!
You kill the fire giant!
Dithmenos accepts your kill.
Your Conjurations skill increases to level 4!
The fire giant shouts! x2
The fire giant gestures at you while chanting.
The fireball explodes!
The fireball engulfs you!! You resist.
You hear a roar!
You see here a +0 great sword of flaming.
Okay, then.
Casting: Invisibility (dangerous; 1% risk of failure)
Confirm with . or Enter, or press ? or * to list all spells.
Aiming: Ensorcelled Hibernation (safe; 1% risk of failure)
Press: ? - help, Shift-Dir - straight line, f - fire giant
Aim: a fire giant, wielding a +1 great sword of flaming (umbra, chance to affect: 19%)
Okay, then.
Casting: Ensorcelled Hibernation (safe; 1% risk of failure)
Confirm with . or Enter, or press ? or * to list all spells.
Okay, then.
Casting: Ensorcelled Hibernation (safe; 1% risk of failure)
Confirm with . or Enter, or press ? or * to list all spells.
The fire giant gestures at you while chanting.
The fireball explodes!
The fireball engulfs you. You resist.
The fireball engulfs the fire giant.
The fire giant resists.
Aiming: Shadow Step
Press: ? - help, Dir - move target, f - fire giant
Aim: a fire giant, wielding a +1 great sword of flaming (lightly wounded, umbra)
Okay, then.
Okay, then.
Casting: Dazzling Flash (safe; 1% risk of failure)
Confirm with . or Enter, or press ? or * to list all spells.
Okay, then.
Okay, then.
Casting: Dazzling Flash (safe; 1% risk of failure)
Confirm with . or Enter, or press ? or * to list all spells.
The fire giant is dazzled.
The fire giant hits you with a +1 great sword of flaming!!
Ouch! That really hurt!
You die...

#.###.......##§##.#.........#.#
#'#.#........§§####.........#.#
....#'§'######§#(.'......####'#
....#....§§.§#§#####...###....#
#####...§§..#'§#)$$#####...####
[..}...§§..≈####$....)...###
........§§≈§##$$C....#####
#.......≈≈≈###?$....#
###..≈≈≈≈### #?.@C.#
##'######'####$$$$$#
∩∩########∩∩########
#∩∩∩∩∩∩∩∩∩∩###≈≈≈≈≈≈≈
############ ######### #..0..+
#######


You could see 2 fire giants.

Vanquished Creatures
  A golden dragon (D)
  A shadow dragon (D)
  2 fire giants (D)
  A lorocyproca (D)
  A hydra (D)
  2 centaur warriors (D)
  Sonja (D)
  A deep troll (D)
  A lindwurm (D)
  An oklob plant (D)
  8 shining eyes (D)
  A gargoyle (D)
  2 kobold demonologists (D)
  7 unseen horrors (D)
  4 demonic crawlers (D)
  A hornet (D)
  A slime creature (D)
  Sigmund (D)
  2 redbacks (D)
  13 hogs (D)
  A yak (D)
  7 floating eyes (D)
  An ogre (D)
  7 necrophages (D)
  8 jellies (D)
  Ijyb (D)
  A ballistomycete spore (D)
78 creatures vanquished.

Vanquished Creatures (others)
  A gargoyle (D)
  A ballistomycete spore (D)
2 creatures vanquished.

Grand Total: 80 creatures vanquished

Notes
Turn   | Place    | Note
-------+----------+-------------------------------------------
     0 | D        | Hipnos the Spriggan Enchanter began the quest for the Orb.
     0 | D        | Reached XP level 1. HP: 9/9 MP: 5/5
     1 | D        | Noticed Ijyb
    13 | D        | Killed Ijyb
    14 | D        | Reached skill level 6 in Stealth
    14 | D        | Reached skill level 5 in Hexes
    14 | D        | Reached XP level 2. HP: 9/13 MP: 7/7
   279 | D        | Learned a level 2 spell: Ensorcelled Hibernation
   279 | D        | Noticed an ogre
   286 | D        | Killed an ogre
   287 | D        | Reached skill level 9 in Stealth
   287 | D        | Reached XP level 3. HP: 17/17 MP: 3/9
   287 | D        | Reached XP level 4. HP: 21/21 MP: 3/11
   359 | D        | Learned a level 3 spell: Confusing Touch
   363 | D        | Learned a level 3 spell: Tukima's Dance
   363 | D        | Noticed Sigmund
   368 | D        | Killed Sigmund
   369 | D        | Reached skill level 1 in Fighting
   369 | D        | Reached skill level 11 in Stealth
   369 | D        | Reached skill level 5 in Spellcasting
   369 | D        | Reached skill level 10 in Hexes
   369 | D        | Reached XP level 5. HP: 25/25 MP: 5/13
   369 | D        | Reached XP level 6. HP: 30/30 MP: 5/15
   448 | D        | Found an ornate altar of the Wu Jian Council.
   448 | D        | Found a shimmering blue altar of Sif Muna.
   450 | D        | Found a radiant altar of Vehumet.
   462 | D        | Reached skill level 1 in Ice Magic
   507 | D        | Found Qiubbyt's Book Emporium.
   507 | D        | Found an ancient bone altar of Kikubaaqudgha.
   507 | D        | Found a hazy altar of Hepliaklqana.
   507 | D        | Found a stormy altar of Qazlal.
   507 | D        | Found a hide-covered altar of Uskayaw.
   507 | D        | Found a blossoming altar of Fedhas.
   507 | D        | Found a bloodstained altar of Trog.
   507 | D        | Found an iron altar of Okawaru.
   507 | D        | Found a basalt altar of Yredelemnul.
   507 | D        | Found a glowing golden altar of the Shining One.
   507 | D        | Found a snail-covered altar of Cheibriados.
   507 | D        | Found a sacrificial altar of Ru.
   507 | D        | Found a glowing silver altar of Zin.
   507 | D        | Found a shadowy altar of Dithmenos.
   507 | D        | Found a white marble altar of Elyvilon.
   507 | D        | Noticed a yak
   508 | D        | Found an opulent altar of Gozag.
   509 | D        | Killed a yak
   510 | D        | Reached skill level 5 in Dodging
   510 | D        | Reached skill level 12 in Stealth
   510 | D        | Found a sparkling altar of Nemelex Xobeh.
   516 | D        | Became a worshipper of Dithmenos the Shadowed
   526 | D        | Noticed Sonja
   530 | D        | Killed Sonja
   531 | D        | Reached skill level 14 in Stealth
   531 | D        | Reached XP level 7. HP: 33/33 MP: 17/19
   531 | D        | Reached XP level 8. HP: 37/37 MP: 17/20
   595 | D        | Found Ewegh's Book Boutique.
   623 | D        | Found a burning altar of Makhleb.
   623 | D        | Found a viscous altar of Jiyva.
   623 | D        | Found a shimmering altar of Xom.
   623 | D        | Found a corrupted altar of Lugonu.
   623 | D        | Noticed a slime creature
   632 | D        | Killed a gargoyle
   851 | D        | Killed a slime creature
   852 | D        | Reached skill level 15 in Stealth
   891 | D        | Noticed a kobold demonologist
   892 | D        | Noticed a kobold demonologist
   894 | D        | Reached * piety under Dithmenos
   895 | D        | Killed a kobold demonologist
   896 | D        | Reached skill level 5 in Short Blades
   896 | D        | Reached skill level 16 in Stealth
   897 | D        | Killed a kobold demonologist
  1000 | D        | Noticed a demonic crawler
  1000 | D        | Noticed a demonic crawler
  1000 | D        | Noticed a demonic crawler
  1000 | D        | Noticed a demonic crawler
  1002 | D        | Killed a demonic crawler
  1002 | D        | Reached ** piety under Dithmenos
  1003 | D        | Reached skill level 17 in Stealth
  1003 | D        | Reached XP level 9. HP: 42/42 MP: 21/23
  1003 | D        | Killed a demonic crawler
  1004 | D        | Reached skill level 15 in Hexes
  1022 | D        | Learned a level 3 spell: Dazzling Flash
  1538 | D        | Killed a demonic crawler
  1539 | D        | Reached skill level 18 in Stealth
  1773 | D        | Killed a demonic crawler
  1774 | D        | Reached skill level 19 in Stealth
  1928 | D        | Noticed a lindwurm
  1930 | D        | Killed a lindwurm
  1930 | D        | Reached *** piety under Dithmenos
  1939 | D        | Reached skill level 20 in Stealth
  2196 | D        | Reached **** piety under Dithmenos
  2208 | D        | Reached XP level 10. HP: 40/48 MP: 13/24
  2218 | D        | Reached skill level 10 in Spellcasting
  2219 | D        | Reached skill level 21 in Stealth
  2355 | D        | Reached ***** piety under Dithmenos
  2372 | D        | Reached skill level 1 in Conjurations
  2486 | D        | Noticed a 12-headed hydra
  2488 | D        | Killed a 12-headed hydra
  2489 | D        | Reached skill level 22 in Stealth
  2658 | D        | Noticed a gargoyle
  2683 | D        | Killed a gargoyle
  3378 | D        | Noticed a deep troll
  3382 | D        | Killed a deep troll
  3383 | D        | Reached skill level 23 in Stealth
  3394 | D        | Found Wudaolaf's Armour Emporium.
  3402 | D        | Bought a +0 robe of fire resistance for 100 gold pieces
  3430 | D        | Noticed a centaur warrior
  3430 | D        | Noticed a centaur warrior
  3432 | D        | Killed a centaur warrior
  3433 | D        | Killed a centaur warrior
  3434 | D        | Reached skill level 24 in Stealth
  3434 | D        | Reached XP level 11. HP: 48/52 MP: 21/27
  3508 | D        | Noticed an oklob plant
  3510 | D        | Killed an oklob plant
  3557 | D        | Reached ****** piety under Dithmenos
  3560 | D        | Reached skill level 25 in Stealth
  3560 | D        | Reached skill level 1 in Invocations
  3643 | D        | Identified the +6 chain mail of Curiosity {Rampage Dex+2
                  | Slay-2 Stlth+}
  3644 | D        | Identified the +5 hand axe of the Pyrrhic Victory
                  | {antimagic, rF- rC+ rN++ rCorr}
  3657 | D        | Found Giwot's Book Shoppe.
  3657 | D        | Found Yphiust's Antique Armour Shop.
  3657 | D        | Found Jizilapti's Magic Scroll Boutique.
  3659 | D        | Found Wuew Pamo's Book Emporium.
  3659 | D        | Found Qeixowk's Weapon Shop.
  3659 | D        | Found Uganed's Antique Armour Shoppe.
  3659 | D        | Found Xosaug's Book Boutique.
  3659 | D        | Found Daidghem's Jewellery Emporium.
  3659 | D        | Found Fonee's Antique Armour Shop.
  3663 | D        | Bought a scroll of enchant weapon for 105 gold pieces
  3663 | D        | Found Plog's Book Shoppe.
  3664 | D        | Found Ysonucw's Magic Scroll Boutique.
  3665 | D        | Found Byos's Jewellery Emporium.
  3665 | D        | Found Huwneet's Weapon Boutique.
  3666 | D        | Found Ihoynul's Armour Emporium.
  3671 | D        | Bought a scroll of holy word for 82 gold pieces
  3671 | D        | Bought a scroll of enchant armour for 82 gold pieces
  3686 | D        | Bought a +0 short sword for 36 gold pieces
  3787 | D        | Noticed a shining eye
  3787 | D        | Noticed a shining eye
  3787 | D        | Noticed a shining eye
  3787 | D        | Noticed a shining eye
  3793 | D        | Noticed a shining eye
  3793 | D        | Noticed a shining eye
  3796 | D        | Killed a shining eye
  3797 | D        | Noticed a shining eye
  3799 | D        | Killed a shining eye
  3800 | D        | Reached skill level 26 in Stealth
  3802 | D        | Killed a shining eye
  3805 | D        | Killed a shining eye
  3810 | D        | Gained mutation: Your body sometimes deteriorates upon
                  | taking damage. [a shining eye]
  3813 | D        | Gained mutation: You are frail. (-10% HP) [a shining eye]
  3819 | D        | Paralysed by a floating eye for 4 turns
  3825 | D        | Lost mutation: Your body sometimes deteriorates upon taking
                  | damage. [a shining eye]
  3826 | D        | Killed a shining eye
  3901 | D        | Noticed a shining eye
  3908 | D        | Killed a shining eye
  3912 | D        | Gained mutation: Your spells are a little easier to cast,
                  | but a little less powerful. [a shining eye]
  3915 | D        | Killed a shining eye
  3916 | D        | Reached skill level 27 in Stealth
  3920 | D        | Killed a shining eye
  3959 | D        | Found Ovudem's Book Shop.
  3959 | D        | Found Jairach's Antique Weapon Shoppe.
  3959 | D        | Found Jarorr's Book Boutique.
  3959 | D        | Found Peom's Armour Emporium.
  4039 | D        | Bought the +7 pair of quick blades "Gyre" and "Gimble"
                  | {protect} for 720 gold pieces
  4039 | D        | Found the +7 pair of quick blades "Gyre" and "Gimble"
                  | {protect}
  4167 | D        | Noticed a shadow dragon
  4167 | D        | Noticed a golden dragon
  4169 | D        | Killed a shadow dragon
  4171 | D        | Killed a golden dragon
  4172 | D        | Reached XP level 12. HP: 48/52 MP: 30/30
  4223 | D        | Identified a scroll of acquirement
  4233 | D        | Found Xanenkur's Magic Scroll Shoppe.
  4342 | D        | Bought a +6 ring of dexterity for 760 gold pieces
  4388 | D        | Bought a book of Burglary for 308 gold pieces
  4388 | D        | Bought a book of Misfortune for 286 gold pieces
  4391 | D        | Learned a level 2 spell: Slow
  4398 | D        | Learned a level 6 spell: Invisibility
  4402 | D        | Learned a level 3 spell: Swiftness
  4408 | D        | Learned a level 5 spell: Yara's Violent Unravelling
  4411 | D        | Learned a level 2 spell: Passwall
  4485 | D        | Noticed a lorocyproca
  4506 | D        | Killed a lorocyproca
  4804 | D        | Noticed a daeva
  5155 | D        | Bought a +6 ring of dexterity for 760 gold pieces
  5234 | D        | Noticed a fire giant
  5238 | D        | Noticed a fire giant
  5238 | D        | Noticed a fire giant
  5239 | D        | Noticed a fire giant
  5240 | D        | Killed a fire giant
  5241 | D        | Reached skill level 5 in Fighting
  5241 | D        | Reached skill level 5 in Ice Magic
  5242 | D        | Killed a fire giant
  5245 | D        | Slain by a fire giant

Illustrated notes

Levels and vault maps discovered:
D:        dungeon_sprint_1 [red_sonja_temple_1, red_sonja_temple_small_1]

Skill      XL: |  1  2  3  4  5  6  7  8  9 10 11 12 |
---------------+-------------------------------------+-----
Dodging        | 3 4 5 6 7 8 |  8.4
Stealth        | 6 9 11 14 17 20 24 27 | 27.0
Spellcasting   | 3 4 5 7 9 11 13 14 | 14.9
Hexes          | 5 8 10 13 14 15 16 19 20 | 20.5
Short Blades   | 2 3 4 5 7 8 9 |  9.2
Fighting       | 1 2 3 4 5 |  5.1
Ice Magic      | 2 3 4 5 |  5.1
Conjurations   | 2 3 4 |  4.1
Invocations    | 1 2 |  2.1

Action                   |  1- 3 |  4- 6 |  7- 9 | 10-12 || total
-------------------------+-------+-------+-------+-------++-------
Melee: Dagger            |    11 |     4 |    43 |    94 ||   152
       Pair of quick bla |       |       |       |    18 ||    18
 Cast: Ensorcelled Hiber |     2 |     6 |     4 |     7 ||    19
       Dazzling Flash    |       |       |    14 |    20 ||    34
       Confusing Touch   |       |       |     5 |     9 ||    14
       Invisibility      |       |       |       |     1 ||     1
Invok: Shadow Step       |       |       |       |     4 ||     4
  Use: Potion            |     1 |       |       |     2 ||     3
       Scroll            |       |       |       |     2 ||     2
 Stab: Sleeping          |     1 |     4 |    10 |    37 ||    52
       Invisible         |       |       |    10 |    19 ||    29
       Confused          |       |       |     1 |     6 ||     7
       Distracted        |       |       |     1 |       ||     1
Armor: Robe              |       |       |     1 |     4 ||     5
Dodge: Dodged            |     5 |     3 |    67 |    50 ||   125
